Dins, lawful female dwarven Archeologist ------------ -------- ------ |..........- |.. ..| ------ |$...| |.....*^...| # |.- -.| |../.|# |....| ------ |...........####|.| |.| |....-#########-....-#####|....| |..........| #%.----..####*##|>...|# |....| #.....| ----------.- #|......| # |....| ------ |....| ## ----.--- ----.- |....| # ################# ### --.--- ### # # ########### # ### # ### ## # # # -- ----|------- # ----- -----.---- +......@+l....| -|- |..............| |.............| ...| |.<............| |.............| [][[[| |..............| --------------- [)][[[]| |..............| |[[)[)[[[| ---------------- ---------- Dins the Digger Experience level: 1 Strength: 13 Dexterity: 12 Constitution: 13 Intelligence: 16 Wisdom: 14 Charisma: 7 Health: 15(15) Energy: 1(1) Def: 1 Gold: 21 Moves: 167 Dungeon seed: BIsC7dR4buIxja9k Game ID: Dins_1528902976 Your Inventory: Coins $ - 21 gold pieces Weapons a - an uncursed +2 bullwhip Armor e - an uncursed +0 leather jacket (being worn) n - an uncursed +0 fedora (being worn) Comestibles b - 3 uncursed food rations i - an uncursed cram ration Wands d - an uncursed wand of light (0:14) Tools c - an uncursed +0 pick-axe (weapon in hand) f - an uncursed sack g - an uncursed tin opener h - an uncursed oil lamp (0:1205) Gems q - an uncursed touchstone Spells and supernatural/magical abilities: Name Level Category Fail Memory W - pray for help -- divine ? -- Your skills at the end: Miscellaneous Skills wands [Basic] Weapon Skills pick-axe [Basic] whip [Basic] Spellcasting Skills Final Attributes: You were fervently aligned. You had infravision. You were very stealthy. You were fast. You survived. Vanquished creatures: a gecko 2 giant rats a goblin a grid bug a lichen 6 creatures vanquished. Voluntary challenges: You went without food. You did not adorn yourself with jewelry or accessories. You did not cause conflict. You were not invisible. You did not have reflection. You were not displaced. You were an atheist. You used a wielded weapon 8 times, starting on turn 22. You did not use containers. You did not apply a unicorn horn. You did not use plumbed fixtures. You did not drink any magical draughts. You were illiterate. You never genocided any monsters. You never polymorphed an object. You never changed form. You used no wishes. You never split a pudding. You never wrote Elbereth's name. You never violated your personal moral code. Dungeon overview: The Dungeons of Doom: levels 1 to 4 Level 1 a long staircase Level 2 Level 3 a scroll shop Level 4 <- You were here an armor shop History has recorded: On T:1 you entered the Dungeons of Doom to retrieve the Amulet of Yendor! On T:6 you reached level 2 of The Dungeons of Doom. On T:12 you reached level 3 of The Dungeons of Doom. On T:19 you reached level 4 of The Dungeons of Doom. Score breakdown: Gold: 21 ( 2 points) Experience: 1 level ( 0 points) Exploration: 4 levels ( 90 points) Discoveries: 0 items ( 0 points) Variety of kills: 5 monsters ( 250 points) Major goal: (nothing yet) ( 0 points) Survival: quit (score multiplied by 3) Total score: 1026 Latest messages: You hit the rock with all your might. You succeed in cutting away some rock. You start digging. You hit the rock with all your might. You succeed in cutting away some rock. You finish searching. You see here 62 rocks. You start digging. You hit the rock with all your might. You break through a secret door! You hit the lichen. You kill the lichen! This door is locked. That door is closed. You start chopping at the door. You hit the door with all your might. That door is closed. (2x) You break through the door. You start digging. You hit the rock with all your might. You succeed in cutting away some rock. The door opens. (3x) $ - 21 gold pieces. You kill the grid bug! With great effort you move the boulder. The door opens. Final status: Goodbye Dins the Archeologist, quit... You quit in The Dungeons of Doom on dungeon level 4 with 1026 points, and 21 pieces of gold, after 167 moves. You were level 1 with a maximum of 15 hit points when you quit.